AoeStats
← [QW] Chopinwaffles

Nomad

509028879Analyzed
3v3 RM · 8d ago on Sep 25, 2026· 54m 0s· 6 players
Game mode
Random Map
Map size
210×210
Population
200
Speed
Normal
Resources
Standard
Victory
Conquest
Starting age
Dark Age
Ending age
Imperial Age
RankedLock teamsTeams togetherTeam positionsShared explorationLock speedFull tech treeHidden civsTurbo modeCheats
Victory
Defeat
🇲🇽 Georgians · Mexico
1227
+13
🇲🇽 Huns · Mexico
1195
+15
🇲🇽 Koreans · Mexico
1162
+16
🇺🇸 Slavs · United States
1262
-19
🇺🇸 Danes · United States
1134
-13
🇺🇸 Wei · United States
1093
-12
gothsgothsgoths
3:34 Loom
14:35 Feudal Age
20:05 Castle Age
19:01 Fletching
19:18 Scale Barding Armor
21:39 Chain Barding Armor
21:17 Bodkin Arrow
21:16 Double-Bit Axe
24:34 Bloodlines
25:51 Fishing Lines
26:20 Gold Mining
26:17 Horse Collar
28:47 Bow Saw
29:33 Husbandry
32:54 Forging
37:03 Wheelbarrow
38:30 Iron Casting
42:05 Imperial Age
39:21 Town Watch
40:08 Ballistics
42:00 Heavy Plow
42:39 Gold Shaft Mining
41:54 Stone Mining
45:14 Chemistry
44:25 Masonry
46:21 Hand Cart
45:38 Elite Tiger Cavalry
47:04 Hoardings
48:33 Blast Furnace
48:40 Ming Guang Armor
49:19 Conscription
50:03 Padded Archer Armor
50:04 Bracer
50:20 Tuntian
52:07 Parthian Tactics
51:48 Thumb Ring
53:25 Crossbowman
JimothyB
5:07 Loom
13:20 Feudal Age
19:00 Castle Age
19:41 Fletching
22:06 Double-Bit Axe
24:19 Horse Collar
26:01 Scale Barding Armor
27:48 Bloodlines
30:18 Gold Mining
32:01 Sanctity
34:52 Medium Warships
34:40 Bodkin Arrow
35:25 Chain Barding Armor
35:47 Redemption
37:21 Wheelbarrow
37:36 Detinets
42:58 Imperial Age
40:55 Husbandry
41:54 Town Watch
42:43 Murder Holes
43:25 Forging
47:20 Plate Barding Armor
48:51 Ballistics
48:32 Elite Boyar
50:07 Masonry
51:20 Coinage
53:10 Iron Casting
tomfreakncruz
5:20 Loom
21:15 Feudal Age
22:03 Double-Bit Axe
29:55 Castle Age
29:10 Fletching
35:36 Horse Collar
40:30 Fishing Lines
42:35 Bow Saw
42:28 Heavy Plow
AjarFan
4:03 Loom
13:40 Feudal Age
16:51 Double-Bit Axe
22:39 Fletching
33:41 Castle Age
36:10 Bow Saw
36:12 Murder Holes
36:17 Bodkin Arrow
38:08 Ballistics
40:36 Wheelbarrow
42:02 Gold Mining
43:46 Hand Cart
45:40 Husbandry
48:30 Thumb Ring
49:27 Horse Collar
53:48 Imperial Age
51:25 Heavy Plow
53:46 Gold Shaft Mining
[QW] Chopinwaffles
10:50 Loom
13:50 Feudal Age
14:45 Double-Bit Axe
17:57 Fletching
26:41 Castle Age
25:00 Padded Archer Armor
26:43 Crossbowman
31:00 Stone Mining
35:06 Husbandry
36:20 Bodkin Arrow
38:27 Bow Saw
39:20 Town Watch
45:45 Imperial Age
45:42 Scale Mail Armor
45:49 Horse Collar
46:21 Squires
46:47 Bloodlines
46:45 Pikeman
48:10 Heavy Plow
47:35 Halberdier
49:44 Forging
50:13 Chain Mail Armor
52:00 Chain Mail Armor
54:58 Wheelbarrow
Landshark
4:38 Loom
13:58 Feudal Age
14:37 Double-Bit Axe
14:55 Gold Mining
16:37 Town Watch
18:37 Wheelbarrow
21:15 Castle Age
19:34 Stone Mining
22:11 Medium Warships
22:29 Bow Saw
22:13 Horse Collar
23:03 Fishing Lines
24:14 Hand Cart
27:45 Forging
28:45 Scale Barding Armor
30:43 Chain Barding Armor
32:21 Iron Casting
35:32 Fletching
36:22 Stone Shaft Mining
38:22 Imperial Age
36:17 Heavy Plow
37:08 Bodkin Arrow
41:36 Plate Barding Armor
41:45 Coinage
41:59 Crop Rotation
42:15 Conscription
42:13 Caravan
42:28 Guilds
43:47 Blast Furnace
42:16 Elite Monaspa
44:04 Chemistry
43:15 Aznauri Cavalry
43:17 Svan Towers
44:10 Banking
43:58 Guard Tower
45:08 Ballistics
44:29 Treadmill Crane
44:59 Masonry
44:57 Devotion
46:56 Keep
46:17 Murder Holes
46:40 Bracer
47:05 Siege Engineers
48:10 Architecture
50:28 Fortified Wall
51:26 Caravan
Connection lost

Rejoining the realm…

Still unreachable

The connection could not be restored.

Session expired

The server has moved on; the page needs a fresh start.